 Dungeon Crawl Stone Soup version 0.32-a0-534-ga61f84b8bd (webtiles) character file.

Game seed: 17773869458723816929

865 Bambolzed the Gouger (level 7, -6/27 (35) HPs)
             Began as a Felid Shapeshifter on Feb 28, 2024.
             Was an Initiate of Ru.
             Mangled by Edmund
             ... wielding a +5 dire flail of draining
              (13 damage)
             ... on level 5 of the Dungeon.
             The game lasted 00:44:45 (4357 turns).

Bambolzed the Gouger (Felid Shapeshifter)           Turns: 4357, Time: 00:44:45

HP:   -6/27 (35)    AC:  2    Str: 20    XL:     7   Next: 72%
MP:   8/8           EV: 17    Int: 12    God:    Ru [......]
Gold: 134           SH:  0    Dex: 13    Spells: 6/6 levels left
                                        Lives: 0   Deaths: 3

rFire   . .          .
                       - Unarmed
rCold   . . .        (shield unavailable)
rNeg    . . .        (body armour unavailable)
rPois   .            (helmet unavailable)
rElec   .            (cloak unavailable)
rCorr   .            (gloves unavailable)
SInv    +            (boots unavailable)
Will    ++...        r - amulet of regeneration
Stlth   ++           d - ring of willpower
HPRegen 1.04/turn    (no ring)
MPRegen 0.11/turn

%: no passive effects
@: beast-form, studying Unarmed Combat, heavily drained
A: beast (slay +0), very small, claws 1, fangs 3, see invisible, shaggy fur 2,
stealthy paws, no weapons or thrown items, no armour, multi-lived, strong 2
a: Begin Untransformation, Renounce Religion


You were on level 5 of the Dungeon.
You worshipped Ru.
Ru was noncommittal.
You were a hulking beast.
You visited 2 branches of the dungeon, and saw 7 of its levels.

You collected 134 gold pieces.

Inventory:

Hand Weapons
 f - a +0 dagger of freezing
 h - a +0 club
 i - a +0 mace
 k - a +0 whip
 n - a +0 mace
 o - a +0 club
 q - a +0 shortbow
 t - a +0 dagger
 v - a +0 short sword
 w - a +0 hand axe
 y - a +0 flail
Missiles
 a - 19 stones
 u - 10 poisoned darts
 A - a throwing net
Armour
 e - a +0 ring mail
 m - a +0 robe
 p - the scarf of Letosmot {harm, Str+3}
   (You found it on level 3 of the Dungeon)

   Str+3:     It affects your strength (+3).
 s - a +1 cloak
 x - a +0 ring mail
 C - a +0 robe
Jewellery
 d - a ring of willpower (left paw)
 r - an amulet of regeneration (around neck)
Talismans
 b - a beast talisman (active)
 c - a flux talisman
 j - a beast talisman (active)
Wands
 B - a wand of flame (14)
Potions
 g - a potion of might {unknown}
 l - a potion of ambrosia {unknown}
 z - 2 potions of degeneration


   Skills:
 + Level 2.8(1.4) Fighting
 + Level 6.4(3.2) Dodging
 + Level 2.6(1.3) Stealth
 + Level 9.0(5.0) Unarmed Combat
 + Level 0.5(0.2) Evocations
 + Level 3.1(1.5) Shapeshifting


You had 6 spell levels left.
You didn't know any spells.
Your spell library contained the following spells:

 Spells                   Type           Power      Damage    Failure   Level
 Apportation              Tloc           0%         N/A       32%         1
 Jinxbite                 Hex            0%         N/A       45%         2
 Manifold Assault         Tloc           0%         N/A       97%         4
 Alistair's Intoxication  Alch           0%         N/A       100%        5
 Dispersal                Tloc           0%         N/A       100%        6
 Disjunction              Tloc           0%         N/A       100%        8


Dungeon Overview and Level Annotations

Branches:
Dungeon (6/15)             Temple (1/1) D:5

Altars:
Ashenzari
Dithmenos
Fedhas
Gozag
Kikubaaqudgha
Makhleb
Nemelex Xobeh
Ru
Trog
The Shining One

Annotations:
D:4 Blork the orc
D:5 Edmund
D:6 Dowan, Duvessa, Pikel


Innate Abilities, Weirdness & Mutations

You are a hulking beast.
Your limbs bulge with bestial killing power. (Slay +0)
You have sharp claws.
You have razor-sharp teeth.
You have supernaturally acute eyesight. (SInv)
You are covered in thick fur. (AC +2)
Your paws help you pounce on unaware monsters.
You are incapable of wielding weapons or throwing items.
You cannot wear armour.
You gain extra lives every three experience levels.
Your muscles are very strong. (Str +8, Int/Dex -2)


Message History

There is an open door here.
Edmund hits you with a +5 dire flail of draining.
You feel drained. Edmund attacks as he pursues you!
Edmund completely misses you. Edmund misses you.
You open the door.
Edmund hits you with a +5 dire flail of draining!
You feel drained.
There is an open door here.
Edmund says, "I'm quite good with sums, too."
Edmund attacks as he pursues you! Edmund completely misses you.
Edmund attacks as he pursues you! Edmund misses you.
Edmund attacks as he pursues you! Edmund closely misses you.
Edmund gestures with his flail.
Edmund attacks as he pursues you!
Edmund hits you with a +5 dire flail of draining.
You feel drained. Edmund attacks as he pursues you!
Edmund hits you with a +5 dire flail of draining!
You feel drained. Pikel waves his whip at you.
There is a stone staircase leading up here.
Edmund clears his throat.
Edmund hits you with a +5 dire flail of draining!
* * * LOW HITPOINT WARNING * * *
You feel drained.
* * * LOW HITPOINT WARNING * * *
You climb upwards.
There is a stone staircase leading down here.
Edmund says, "People accused me of being a cutpurse!"
Edmund attacks as he pursues you!
Edmund hits you with a +5 dire flail of draining.
* * * LOW HITPOINT WARNING * * *
You feel drained.
* * * LOW HITPOINT WARNING * * *
Edmund attacks as he pursues you!
Edmund hits you with a +5 dire flail of draining!
You die...
Edmund says, "That'll show my brother!"
Ru respects your ultimate sacrifice.

...#...#...#.........####..#
#.
############.........'.....#
#. #.##.....#
#.........####..# #.##.#.#.#
##.......## #........#
##.....## ####.##### ##...##
#.# ##'## #.# ##.######## .#
#.# #.h.......# .#
#.##########@.######.# .#
#..............#####.##.#
#####.###>#.............#
#.# #.##...>.....##.### #.#
#.##..##.##.......#### #.#
#............#.##....# #.#
####..####.......#....
#.######.....##......#....


You could see Edmund.

Vanquished Creatures
  A water moccasin (D:5)
  An ice beast (D:6)
  A phantom (D:5)
  A bullfrog (D:6)
  A gnoll sergeant (D:5)
  3 scorpions
  5 hounds
  An orc wizard (D:5)
  3 gnolls (D:5)
  4 adders
  6 orcs
  3 endoplasms
  5 giant cockroaches
  3 goblins
  7 hobgoblins
  4 jackals
  2 quokkas
  3 ball pythons
  3 bats
  2 frilled lizards
  3 kobolds
  4 rats
66 creatures vanquished.

Notes
Turn   | Place    | Note
-------+----------+-------------------------------------------
     0 | D:1      | Bambolzed the Felid Shapeshifter began the quest for the
                  | Orb.
     0 | D:1      | Reached XP level 1. HP: 10/10 MP: 2/2
   193 | D:1      | Reached XP level 2. HP: 14/14 MP: 3/3
   709 | D:1      | Slain by a quokka
   709 | D:1      | Lost a life (0 lives remaining)
   902 | D:2      | Reached XP level 3. HP: 18/18 MP: 4/4
  1302 | D:3      | Reached XP level 4. HP: 16/22 MP: 5/5
  1302 | D:3      | Gained a life (1 life remaining)
  1307 | D:3      | Identified the scarf of Letosmot {harm, Str+3}
  1499 | D:3      | Identified a scroll of acquirement
  1499 | D:3      | Acquired a manual of Unarmed Combat
  1674 | D:4      | Reached skill level 4 in Unarmed Combat
  1757 | D:4      | Noticed Blork the orc
  1780 | D:4      | Reached skill level 1 in Stealth
  1814 | D:5      | Entered Level 5 of the Dungeon
  2059 | D:5      | Noticed a scorpion
  2151 | D:5      | Killed a scorpion
  2152 | D:5      | Reached skill level 5 in Unarmed Combat
  2152 | D:5      | Reached XP level 5. HP: 7/25 MP: 6/6
  2207 | D:5      | Found a broken altar of Ashenzari.
  2562 | D:5      | Reached skill level 5 in Dodging
  2779 | D:5      | Became a worshipper of Ashenzari the Shackled
  2888 | D:5      | Noticed a phantom
  2968 | D:5      | Reached skill level 6 in Unarmed Combat
  2968 | D:5      | Gained mutation: You are covered in thick fur. (AC +2)
                  | [Felid growth]
  2968 | D:5      | Reached XP level 6. HP: 25/30 MP: 7/7
  3129 | D:5      | Noticed a water moccasin
  3166 | D:5      | Killed a water moccasin
  3167 | D:5      | Reached skill level 7 in Unarmed Combat
  3167 | D:5      | Reached XP level 7. HP: 35/35 MP: 8/8
  3167 | D:5      | Gained a life (2 lives remaining)
  3218 | D:5      | Found a staircase to the Ecumenical Temple.
  3256 | Temple   | Entered the Ecumenical Temple
  3422 | Temple   | Fell from the grace of Ashenzari
  3422 | Temple   | Became a worshipper of Ru the Awakened
  3524 | D:5      | Found a bloodstained altar of Trog.
  3812 | D:6      | Reached skill level 8 in Unarmed Combat
  3997 | D:6      | Gained mutation: Your muscles are strong. (Str +4, Int/Dex
                  | -1) [potion of mutation]
  3997 | D:6      | Gained mutation: Your muscles are very strong. (Str +8,
                  | Int/Dex -2) [potion of mutation]
  4043 | D:6      | Noticed Duvessa
  4043 | D:6      | Noticed Dowan
  4091 | D:6      | Slain by Duvessa
  4091 | D:6      | Lost a life (1 life remaining)
  4147 | D:6      | Noticed Pikel
  4210 | D:6      | Slain by a scorpion
  4210 | D:6      | Lost a life (0 lives remaining)
  4289 | D:6      | Noticed Edmund
  4290 | D:6      | Reached skill level 9 in Unarmed Combat
  4357 | D:5      | Mangled by Edmund

Illustrated notes

Levels and vault maps discovered:
D:1:      minmay_arrival_four_houses, layout_basic, minmay_misc_feat_iff
D:2:      layout_basic
D:3:      layout_loops_ring, nicolae_wu_jian_immortal_techniques
D:4:      layout_layer_cave, uniq_menkaure, uniq_robin, uniq_blork_the_orc
D:5:      layout_loops_corners, nicolae_ashenzari_panopticon,
          mainiacjoe_overflow_catwalk, minmay_temple_entry_nine_rooms,
          minmay_small_thing
D:6:      layout_loops_corners, uniq_edmund, uniq_duvessa, uniq_pikel
Temple:   pf_temple_reverse_labyrinth

Skill      XL: |  1  2  3  4  5  6  7 |
---------------+----------------------+-----
Dodging        | 3 4 5 6 |  6.4
Shapeshifting  | 3 |  3.1
Unarmed Combat | 5 6 7 9 |  9.0
Stealth        | 1 2 |  2.6
Fighting       | 2 |  2.8
Evocations     | |  0.5

Action                     |  1- 3 |  4- 6 |  7- 9 || total
---------------------------+-------+-------+-------++-------
  Melee: Unarmed           |   101 |   134 |    52 ||   287
         Bite              |     7 |    10 |     9 ||    26
         Punch             |     1 |     4 |     6 ||    11
Ability: Begin Untransform |     1 |       |       ||     1
  Evoke: Wand              |       |       |     5 ||     5
    Use: Scroll            |     4 |     9 |     2 ||    15
         Potion            |     3 |     1 |     2 ||     6
 Armour: Skin              |    53 |    49 |    42 ||   144
  Dodge: Dodged            |   116 |   125 |    54 ||   295
         Repelled          |       |     1 |       ||     1
   Form: Beast             |       |       |     1 ||     1

Table legend: (Time is in decaauts)
 A = Elapsed time spent in this place.
 B = Non-inter-level travel time spent in this place.
 C = Inter-level travel time spent in this place.
 D = Time resting spent in this place.
 E = Time spent auto-exploring this place.
 F = Levels seen in this place.
 G = Mean time per level.
                   A        B        C        D        E       F      G
               +--------+--------+--------+--------+--------+-----+--------+
         Total |   4316 |   1434 |   2882 |     30 |     22 |   7 |  616.6 |
       Dungeon |   4091 |   1418 |   2673 |     30 |     22 |   6 |  681.8 |
        Temple |    224 |     15 |    209 |      0 |      0 |   1 |  224.0 |
               +--------+--------+--------+--------+--------+-----+--------+

Top non-repeatable levels by time:
     D:5: 1650 daAuts
     D:1: 987 daAuts
     D:6: 654 daAuts
     D:3: 379 daAuts
     D:2: 276 daAuts
  Temple: 224 daAuts
     D:4: 142 daAuts
